 Dungeon Crawl Stone Soup version 0.31-a0-836-g3ceb0a68c4 (webtiles) character file.

Game seed: 427797452955277371

898 Kurtz the Chopper (level 8, -2/54 HPs)
             Began as an Octopode Fighter on Sept 26, 2023.
             Was a Follower of Okawaru.
             Slain by a steam dragon (5 damage)
             ... on level 6 of the Dungeon.
             The game lasted 00:03:46 (3155 turns).

Kurtz the Chopper (Octopode Fighter)                Turns: 3155, Time: 00:03:46

Health: -2/54      AC:  1    Str: 18    XL:     8   Next: 7%
Magic:  8/8        EV: 14    Int: 10    God:    Okawaru [*.....]
Gold:   138        SH:  0    Dex: 17    Spells: 7/7 levels left

rFire   + . .        y - +5 woodcutter's axe
rCold   + . .        (shield currently unavailable)
rNeg    . . .        (helmet restricted)
rPois   +            f - amulet of regeneration
rElec   +            r - +6 ring of dexterity
rCorr   +            (no ring)
SInv    .            (no ring)
Will    .....        (no ring)
Stlth   +++          (no ring)
HPRegen 1.09/turn    (no ring)
MPRegen 0.11/turn    (no ring)
                     (no ring)

%: no passive effects
@: mighty, resistant
A: almost no armour, amphibious, 8 rings, camouflage 1, gelatinous body 1,
(nimble swimmer 1), tentacles
a: Renounce Religion, Heroism


You were on level 6 of the Dungeon.
You worshipped Okawaru.
Okawaru was aware of your devotion.
You visited 2 branches of the dungeon, and saw 7 of its levels.

You collected 271 gold pieces.
You spent 133 gold pieces at shops.

Inventory:

Hand Weapons
 a - a +0 war axe
 p - a +1 war axe of flaming
 y - the +5 woodcutter's axe (weapon)
   (You found it on level 4 of the Dungeon)
Missiles
 q - 5 silver javelins (quivered)
 v - a throwing net
 x - 3 poisoned darts
 A - 2 javelins
Armour
 b - a +0 buckler
Jewellery
 f - an amulet of regeneration (around mantle)
 l - a ring of fire
 r - a +6 ring of dexterity (left tentacle)
Wands
 B - a wand of charming (12)
Scrolls
 d - 4 scrolls of enchant weapon {unknown}
 e - a scroll of teleportation {unknown}
 g - 6 scrolls of identify {unknown}
 n - 3 scrolls of enchant armour {unknown}
 o - 3 scrolls of fog {unknown}
 s - a scroll of vulnerability {unknown}
 u - a scroll of brand weapon {unknown}
 w - a scroll of summoning {unknown}
Potions
 h - 2 potions of resistance
 j - a potion of curing {unknown}
 k - a potion of magic {unknown}
 m - 2 potions of berserk rage {unknown}
 t - a potion of haste {unknown}
 z - a potion of cancellation {unknown}


   Skills:
 + Level 4.6 Fighting
 + Level 7.8 Axes
 * Level 3.7 Dodging
 * Level 3.7 Shields


You had 7 spell levels left.
You didn't know any spells.
Your spell library contained the following spells:

 Spells                   Type           Power      Damage    Failure   Level
 Animate Dead             Necr           Unusable   N/A       N/A         4
 Haunt                    Necr/Summ      Unusable   N/A       N/A         7
 Infestation              Necr           Unusable   N/A       N/A         8

Dungeon Overview and Level Annotations

Branches:
Dungeon (6/15)             Temple (1/1) D:6

Altars:
Ashenzari
Cheibriados
Elyvilon
Fedhas
Gozag
Hepliaklqana
Kikubaaqudgha
Nemelex Xobeh
Okawaru
Qazlal
Ru
Trog
Uskayaw
Vehumet
Wu Jian
Xom
Yredelemnul
The Shining One

Shops:
D:2 (

Annotations:
D:3 2 transporters
D:5 Dowan, Duvessa


Innate Abilities, Weirdness & Mutations

You cannot wear most types of armour.
You are amphibious.
You can wear up to eight rings at the same time.
Your skin changes colour to match your surroundings (Stealth+).
Your rubbery body absorbs attacks. (AC +1, EV +1)
((You are camouflaged when in or above water. (Stealth+)))
You have tentacles for arms and can constrict up to eight enemies at once.


Message History

Okay, then.
You feel very mighty all of a sudden.
You feel sick. The water moccasin closely misses you.
The water moccasin misses you.
You miss the water moccasin. Your grab misses the water moccasin.
You feel sick.
The water moccasin bites you but does no damage.
Unknown command.
You hit the water moccasin. You grab the water moccasin.
You squeeze the water moccasin.
The water moccasin is heavily wounded.
You constrict the water moccasin.
You feel sick. The water moccasin barely misses you.
The water moccasin bites you.
* * * LOW HITPOINT WARNING * * *
Unknown command.
You slice the water moccasin!!
You kill the water moccasin!
Okawaru accepts your kill.
You can now gain great but temporary skills.
You feel sick.
You hear a shout! x2
You have reached level 8!
You slash the steam dragon!
The steam dragon is heavily wounded.
You feel sick. The steam dragon breathes steam at you.
The ball of steam misses you.
Unknown command.
You closely miss the steam dragon.
The steam dragon is heavily wounded.
You feel sick. The steam dragon bites you!
* * * LOW HITPOINT WARNING * * *
The steam dragon closely misses you.
Unknown command.
An orc wizard comes into view. It is wielding a +0 dagger.
You feel sick.
You are no longer poisoned.
The orc wizard shouts!
The steam dragon closely misses you. The steam dragon claws you.
You die...

#..<. #.... #....
##... #.... #[...
############....
###§..............
#@§.##########....
########D### ##...
........o# ##..
.....####o.o..#
####### ... o....#
#...... . ......
.##### .....# #..
.....# #.⌠ ..)..#
+..


You could see a steam dragon, 2 orc wizards and an orc.

Vanquished Creatures
  A wraith (D:6)
  A water moccasin (D:6)
  2 ogres
  A scorpion (D:5)
  A howler monkey (D:6)
  A jelly (D:6)
  An orc priest (D:3)
  2 orc wizards
  2 iguanas (D:4)
  3 gnolls (D:3)
  6 adders
  2 worms
  3 dart slugs
  19 orcs
  5 bats
  8 endoplasms
  5 giant cockroaches
  5 hobgoblins
  5 quokkas
  16 ball pythons
  A frilled lizard (D:1)
  10 goblins
  4 kobolds
  9 rats
113 creatures vanquished.

Notes
Turn   | Place    | Note
-------+----------+-------------------------------------------
     0 | D:1      | Kurtz the Octopode Fighter began the quest for the Orb.
     0 | D:1      | Reached XP level 1. HP: 16/16 MP: 1/1
   133 | D:1      | Reached XP level 2. HP: 21/21 MP: 2/2
   211 | D:1      | Reached skill level 3 in Axes
   298 | D:1      | Found a faded altar of an unknown god.
   472 | D:1      | Reached XP level 3. HP: 26/26 MP: 3/3
  1009 | D:2      | Reached skill level 4 in Axes
  1099 | D:2      | Reached XP level 4. HP: 29/31 MP: 4/4
  1289 | D:2      | Found Genos's Weapon Emporium.
  1523 | D:3      | Reached skill level 5 in Axes
  1523 | D:3      | Reached XP level 5. HP: 17/36 MP: 5/5
  1556 | D:2      | Bought a +1 war axe of flaming for 133 gold pieces
  1594 | D:3      | Found a transporter.
  1605 | D:3      | Found a transporter.
  2268 | D:4      | Found the +5 woodcutter's axe
  2296 | D:4      | Found a blossoming altar of Fedhas.
  2304 | D:4      | Reached skill level 6 in Axes
  2304 | D:4      | Reached XP level 6. HP: 41/42 MP: 6/6
  2782 | D:5      | Entered Level 5 of the Dungeon
  2801 | D:5      | Reached XP level 7. HP: 40/47 MP: 7/7
  2806 | D:5      | Reached skill level 7 in Axes
  2891 | D:5      | Noticed Dowan
  2893 | D:5      | Noticed Duvessa
  2904 | D:6      | Found a staircase to the Ecumenical Temple.
  2910 | Temple   | Entered the Ecumenical Temple
  2983 | Temple   | Became a worshipper of Warmaster Okawaru
  3069 | D:6      | Noticed a wraith
  3075 | D:6      | Killed a wraith
  3142 | D:6      | Noticed a steam dragon
  3147 | D:6      | HP: 2/49 [poisoned by a water moccasin]
  3152 | D:6      | Reached * piety under Okawaru
  3153 | D:6      | Reached XP level 8. HP: 13/54 MP: 8/8
  3154 | D:6      | HP: 2/54 [steam dragon (11)]
  3155 | D:6      | Slain by a steam dragon

Illustrated notes

Levels and vault maps discovered:
D:1:      matt_arrival_los_fun, layout_basic,
          shapermc_ecumenical_altar_mp_highgroup, kennysheep_crisscross,
          minmay_shallow_snake_nest
D:2:      layout_rooms, serial_shops, nicolae_shop_rolling_square,
          grunt_ministairs_14
D:3:      gammafunk_steamed_eel, layout_basic, minmay_tree_intersection
D:4:      layout_basic, fedhas_altar_1, nicolae_concentric_dashed_squares_mild
D:5:      layout_cave_pools, ebering_ghost_reflecting_pool, serial_bayou_pond_b,
          uniq_duvessa
D:6:      layout_rooms, lemuel_blue_sif_altar, minmay_temple_entry_hall,
          grunt_decor_mini_mirrors
Temple:   minmay_temple_bridge_d

Skill      XL: |  1  2  3  4  5  6  7 |
---------------+----------------------+-----
Axes           | 3 4 5 6 7 |  7.8
Fighting       | 4 |  4.6
Dodging        | |  3.7
Shields        | |  3.7

Action                     |  1- 3 |  4- 6 |  7- 9 || total
---------------------------+-------+-------+-------++-------
  Melee: War axe           |    71 |    77 |       ||   148
         Constrict         |    15 |    26 |     3 ||    44
         Tentacles         |    13 |    13 |     3 ||    29
         Punch             |     1 |       |       ||     1
         Battleaxe         |       |    26 |    21 ||    47
  Throw: Javelin           |       |       |     2 ||     2
    Use: Potion            |       |       |     4 ||     4
   Stab: Sleeping          |     8 |     9 |       ||    17
         Distracted        |       |     1 |       ||     1
 Armour: Skin              |    26 |    43 |    15 ||    84
  Dodge: Dodged            |    45 |    59 |    21 ||   125
  Block: Buckler           |    13 |    11 |       ||    24

Table legend: (Time is in decaauts)
 A = Elapsed time spent in this place.
 B = Non-inter-level travel time spent in this place.
 C = Inter-level travel time spent in this place.
 D = Time resting spent in this place.
 E = Time spent auto-exploring this place.
 F = Levels seen in this place.
 G = Mean time per level.
                   A        B        C        D        E       F      G
               +--------+--------+--------+--------+--------+-----+--------+
         Total |   3201 |   2893 |    308 |     53 |   2177 |   7 |  457.3 |
       Dungeon |   3054 |   2891 |    163 |     53 |   2177 |   6 |  509.0 |
        Temple |    146 |      1 |    145 |      0 |      0 |   1 |  146.0 |
               +--------+--------+--------+--------+--------+-----+--------+

Top non-repeatable levels by time:
     D:1: 1023 daAuts
     D:3: 738 daAuts
     D:2: 536 daAuts
     D:4: 530 daAuts
  Temple: 146 daAuts
     D:5: 122 daAuts
     D:6: 104 daAuts
